 Dungeon Crawl Stone Soup version 0.25.1-9-gc5326a611f (webtiles) character file.

Game seed: 17866917364141010875

10460 theanonym the Cleaver (level 11, -4/90 HPs)
             Began as a Formicid Gladiator on Sept 2, 2021.
             Was a High Priest of Zin.
             Hit by a large rock thrown by a stone giant (28 damage)
             ... on level 1 of the Orcish Mines.
             The game lasted 00:18:17 (14668 turns).

theanonym the Cleaver (Formicid Gladiator)         Turns: 14668, Time: 00:18:17

Health: -4/90      AC: 16    Str: 22    XL:     11   Next: 93%
Magic:  0/14       EV:  7    Int:  8    God:    Zin [*****.]
Gold:   512        SH: 12    Dex: 18    Spells: 10/10 levels left

rFire    + . .     SeeInvis +   a - +1 war axe
rCold    . . .     Gourm    .   p - +0 kite shield
rNeg     . . .     Faith    .   E - +0 plate armour
rPois    .         Spirit   +   (helmet unavailable)
rElec    .         Reflect  .   m - +2 cloak
rCorr    .         Harm     .   y - +0 pair of gloves
MR       +....                  x - +1 pair of boots
Stlth    ..........             g - amulet of guardian spirit
HPRegen  0.25/turn              w - ring of protection from fire
MPRegen  0.14/turn              C - +6 ring of dexterity

@: no status effects
A: permanent stasis, dig shafts and tunnels, four strong arms, antennae 3
a: Dig, Shaft Self, Recite, Vitalisation, Imprison, Sanctuary, Donate Gold,
Renounce Religion


Innate Abilities, Weirdness & Mutations

You cannot be hasted, slowed, berserked, paralysed or teleported.
You can dig through walls and to a lower floor.
Your four strong arms can wield two-handed weapons with a shield.
You have a pair of large antennae on your head. (SInv)


   Skills:
 + Level 10.1 Fighting
 * Level 12.8 Axes
 - Level 2.0 Throwing
 - Level 2.6 Dodging
 + Level 9.3 Shields
 - Level 5.0 Invocations


You had 10 spell levels left.
You didn't know any spells.
Your spell library contained the following spells:

 Spells                   Type           Power        Failure   Level  Hunger
 Sandblast                Erth           #.....       100%        1    ##.....
 Passwall                 Tmut/Erth      #.......     100%        2    ###....
 Confusing Touch          Hex            #.......     100%        3    ####...
 Gell's Gravitas          Tloc           #.........   100%        3    ####...
 Stone Arrow              Conj/Erth      #.....       100%        3    ####...
 Petrify                  Tmut/Erth      #.......     100%        4    #####..
 Lee's Rapid Deconstruct  Erth           #.........   100%        5    ######.
 Metabolic Englaciation   Hex/Ice        #.........   100%        5    ######.
 Yara's Violent Unravell  Hex/Tmut       #.........   100%        5    ######.

Skill      XL: |  1  2  3  4  5  6  7  8  9 10 11 |
---------------+----------------------------------+-----
Axes           | 4 5 6 8 9 11 12 | 12.8
Fighting       | 3 4 5 6 7 8 10 | 10.1
Invocations    | 1 2 3 4 5 |  5.0
Shields        | 2 5 7 9 |  9.3
Throwing       | |  2.0
Dodging        | |  2.6

Action                   |  1- 3 |  4- 6 |  7- 9 | 10-12 || total
-------------------------+-------+-------+-------+-------++-------
Melee: War axe           |    78 |   185 |   395 |   526 ||  1184
Throw: Throwing net      |       |     7 |     4 |     1 ||    12
Invok: Recite            |       |       |     2 |       ||     2
       Vitalisation      |       |       |     1 |       ||     1
Evoke: Wand              |       |       |       |     7 ||     7
  Use: Potion            |     2 |       |     2 |     1 ||     5
       Scroll            |       |     4 |     9 |     6 ||    19
  Eat: Chunk             |     1 |     9 |     7 |    13 ||    30
       Ration            |       |       |     3 |     3 ||     6
Armor: Leather armour    |    19 |    24 |       |       ||    43
       Ring mail         |       |    48 |       |       ||    48
       Chain mail        |       |       |   235 |   222 ||   457
       Plate armour      |       |       |       |     9 ||     9
Dodge: Dodged            |    74 |   135 |   133 |   142 ||   484
Block: Kite shield       |       |       |   171 |   275 ||   446

Inventory:

Hand Weapons
 a - a +1 war axe (weapon)
Missiles
 c - a throwing net (quivered)
Armour
 m - a +2 cloak (worn)
 p - a +0 kite shield (worn)
 x - a +1 pair of boots (worn)
 y - a +0 pair of gloves (worn)
 E - a +0 plate armour (worn)
Jewellery
 g - an amulet of guardian spirit (around neck)
 w - a ring of protection from fire (left hand)
 C - a +6 ring of dexterity (right hand)
Wands
 d - a wand of digging (3)
 v - a wand of acid (3)
Scrolls
 b - 4 scrolls of immolation
 f - 2 scrolls of fog
 j - 2 scrolls of enchant weapon
 n - 6 scrolls of remove curse
 r - 4 scrolls of identify
 t - a scroll of fear
Potions
 h - a potion of haste
 i - a potion of magic
 k - a potion of cancellation
 l - a potion of brilliance
 o - a potion of mutation
 q - 3 potions of heal wounds
 u - a potion of lignification
 A - 3 potions of flight
Comestibles
 e - 10 rations


You were on level 1 of the Orcish Mines.
You worshipped Zin.
Zin was extremely pleased with you.
You were hungry.

You visited 2 branches of the dungeon, and saw 11 of its levels.

You collected 568 gold pieces.
You donated 56 gold pieces to Zin.

Dungeon Overview and Level Annotations

Branches:
Dungeon (10/15)            Temple (0/1) D:7             Orc (1/2) D:9
   Lair: D:8-11

Altars:
Ashenzari
Fedhas
Gozag
Makhleb
Nemelex Xobeh
Qazlal
Uskayaw
Vehumet
Wu Jian
Xom
Yredelemnul
Zin
The Shining One

Shops:
D:10 (

Portals:
Trove: D:10 (give +3 gold dragon scales)

Annotations:
D:2 exclusion: oklob plant

.. .... #o...
#.{... #
#o..... ...
###.#..#..
#....#.†.....#.
#C^@.......
##.#.......
##.......#
#.......
##....# #.###
##


You could see a stone giant, an orc wizard and an orc.

Notes
Turn   | Place    | Note
-------+----------+-------------------------------------------
     0 | D:1      | theanonym the Formicid Gladiator began the quest for the
                  | Orb.
     0 | D:1      | Reached XP level 1. HP: 16/16 MP: 1/1
    56 | D:1      | Reached XP level 2. HP: 23/23 MP: 2/2
   289 | D:1      | Reached XP level 3. HP: 27/28 MP: 3/3
   812 | D:2      | Found a shimmering altar of Xom.
   812 | D:2      | Noticed an angel
   820 | D:2      | Found a glowing silver altar of Zin.
   845 | D:2      | Reached skill level 4 in Axes
   854 | D:2      | Became a worshipper of Zin the Law-Giver
   895 | D:2      | HP: 14/28 [poisoned by a kobold]
   900 | D:2      | HP: 9/28 [poisoned by a kobold]
   911 | D:2      | HP: 13/28 [quokka (2)]
   913 | D:2      | Reached skill level 3 in Fighting
  1083 | D:2      | HP: 13/29 [worm (8)]
  1087 | D:2      | Reached XP level 4. HP: 16/35 MP: 4/4
  1449 | D:2      | Found a shattered altar of Ashenzari.
  1795 | D:2      | Reached skill level 1 in Invocations
  2069 | D:2      | Found a blossoming altar of Fedhas.
  2082 | D:2      | Noticed an oklob plant
  2249 | D:3      | Reached XP level 5. HP: 31/41 MP: 5/5
  2412 | D:3      | Reached * piety under Zin
  2736 | D:3      | Reached skill level 2 in Invocations
  2740 | D:3      | HP: 21/42 [gnoll/+0 whip (1)]
  2741 | D:3      | Reached skill level 5 in Axes
  2745 | D:3      | Reached XP level 6. HP: 24/48 MP: 5/7
  2747 | D:3      | HP: 23/48 [poisoned by an adder]
  2756 | D:3      | HP: 13/48 [gnoll/+0 whip of flaming (2)]
  2758 | D:3      | HP: 6/48 [gnoll/+0 whip of flaming (1)]
  2816 | D:2      | HP: 12/48 [gnoll/+0 whip of flaming (1)]
  3482 | D:4      | Reached skill level 4 in Fighting
  3485 | D:4      | HP: 24/48 [poisoned by a worker ant]
  3491 | D:4      | HP: 21/48 [poisoned by a worker ant]
  3498 | D:4      | HP: 19/48 [poisoned by a worker ant]
  3505 | D:4      | HP: 19/48 [poisoned by a worker ant]
  3513 | D:4      | HP: 18/48 [poisoned by a worker ant]
  3712 | D:4      | Reached ** piety under Zin
  4003 | D:4      | Noticed Edmund
  4020 | D:4      | HP: 23/48 [Edmund/+3 dire flail of protection (9)]
  4026 | D:4      | HP: 10/48 [Edmund/+3 dire flail of protection (3)]
  4030 | D:4      | Killed Edmund
  4030 | D:4      | Reached skill level 3 in Invocations
  4030 | D:4      | Reached XP level 7. HP: 12/55 MP: 3/9
  4283 | D:4      | Reached skill level 6 in Axes
  4460 | D:4      | Found a glowing golden altar of the Shining One.
  4880 | D:4      | HP: 25/55 [gnoll/+0 club (4)]
  5297 | D:5      | Entered Level 5 of the Dungeon
  5343 | D:5      | Reached skill level 4 in Invocations
  5347 | D:5      | Reached skill level 5 in Fighting
  5347 | D:5      | Reached XP level 8. HP: 50/62 MP: 6/11
  5498 | D:5      | Found a burning altar of Makhleb.
  5524 | D:5      | Reached skill level 7 in Axes
  5651 | D:5      | Reached *** piety under Zin
  5701 | D:5      | Found an opulent altar of Gozag.
  5708 | D:5      | Found a sparkling altar of Nemelex Xobeh.
  5711 | D:5      | Found a stormy altar of Qazlal.
  5745 | D:5      | Found a basalt altar of Yredelemnul.
  6004 | D:5      | Reached skill level 1 in Shields
  6004 | D:5      | Reached skill level 5 in Invocations
  6023 | D:5      | HP: 32/64 [poisoned by a scorpion]
  6028 | D:5      | HP: 30/64 [poisoned by a scorpion]
  6033 | D:5      | HP: 29/64 [poisoned by a scorpion]
  6040 | D:5      | HP: 28/64 [poisoned by a scorpion]
  6048 | D:5      | HP: 28/64 [poisoned by a scorpion]
  6820 | D:6      | Noticed Eustachio
  6820 | D:6      | Noticed Blork the orc
  6838 | D:6      | Noticed Sigmund
  6851 | D:5      | Killed Eustachio
  6851 | D:5      | Reached skill level 2 in Shields
  6892 | D:6      | Reached skill level 6 in Fighting
  6908 | D:5      | Reached skill level 8 in Axes
  6930 | D:6      | Reached XP level 9. HP: 53/69 MP: 8/12
  6939 | D:5      | Reached skill level 3 in Shields
  7195 | D:6      | Killed Blork the orc
  7195 | D:6      | Reached skill level 4 in Shields
  7215 | D:6      | Killed Sigmund
  7215 | D:6      | Reached skill level 9 in Axes
  7448 | D:6      | Noticed Prince Ribbit
  7470 | D:6      | HP: 35/71 [Prince Ribbit (8)]
  7480 | D:6      | HP: 22/71 [Prince Ribbit (13)]
  7879 | D:6      | Found a radiant altar of Vehumet.
  7948 | D:6      | HP: 30/71 [Prince Ribbit (12)]
  7963 | D:6      | HP: 24/71 [Prince Ribbit (9)]
  7970 | D:6      | HP: 11/71 [Prince Ribbit (10)]
  8342 | D:6      | HP: 32/71 [Prince Ribbit (10)]
  8345 | D:6      | Killed Prince Ribbit
  8345 | D:6      | Reached skill level 7 in Fighting
  8913 | D:7      | Reached skill level 5 in Shields
  9337 | D:7      | Reached XP level 10. HP: 72/79 MP: 13/13
  9427 | D:7      | Found a staircase to the Ecumenical Temple.
  9678 | D:8      | Reached skill level 10 in Axes
  9753 | D:8      | Reached **** piety under Zin
  9908 | D:8      | HP: 30/80 [crocodile (13)]
  9909 | D:8      | Reached skill level 6 in Shields
 10178 | D:8      | Reached skill level 8 in Fighting
 10664 | D:7      | HP: 39/80 [wight/cursed +1 great sword (2)]
 10673 | D:7      | HP: 25/80 [hippogriff (3)]
 11236 | D:8      | Found a hide-covered altar of Uskayaw.
 11312 | D:8      | Found an ornate altar of the Wu Jian Council.
 11420 | D:9      | Noticed Harold
 11459 | D:9      | Killed Harold
 11459 | D:9      | Reached skill level 11 in Axes
 11459 | D:9      | Reached skill level 7 in Shields
 11566 | D:9      | Noticed a two-headed ogre
 11570 | D:8      | HP: 36/82 [two-headed ogre/+0 giant spiked club (9)]
 11576 | D:8      | HP: 21/82 [two-headed ogre/+0 giant spiked club (6)]
 11577 | D:8      | Killed a two-headed ogre
 11577 | D:8      | Reached XP level 11. HP: 12/87 MP: 2/14
 11926 | D:9      | Reached skill level 9 in Fighting
 12150 | D:9      | HP: 41/89 [killer bee (5)]
 12158 | D:9      | Reached skill level 8 in Shields
 12333 | D:9      | Found a staircase to the Orcish Mines.
 12537 | D:9      | Reached ***** piety under Zin
 12608 | D:9      | Reached skill level 12 in Axes
 13105 | D:10     | Entered Level 10 of the Dungeon
 13236 | D:10     | Noticed an unseen horror
 13261 | D:10     | Killed an unseen horror
 13355 | D:10     | Noticed a two-headed ogre
 13368 | D:10     | Killed a two-headed ogre
 13516 | D:10     | Found a portal to a secret trove of treasure.
 13597 | D:10     | Reached skill level 9 in Shields
 13746 | D:10     | Found Toot Biara's Weapon Boutique.
 13795 | D:10     | Reached skill level 10 in Fighting
 14653 | Orc:1    | Entered Level 1 of the Orcish Mines
 14653 | Orc:1    | Noticed a stone giant
 14664 | Orc:1    | HP: 36/90 [stone giant (11)]
 14668 | Orc:1    | Hit by a large rock thrown by a stone giant

Vanquished Creatures
  Harold (D:9)
  2 two-headed ogres
  An unseen horror (D:10)
  A gargoyle (D:10)
  2 trolls (D:9)
  Prince Ribbit (D:6)
  4 hippogriffs
  Sigmund (D:6)
  A basilisk (D:10)
  Eustachio (D:5)
  A wyvern (D:9)
  3 hungry ghosts
  Edmund (D:4)
  An orc warrior (D:10)
  2 sky beasts
  A black bear (D:8)
  5 ogres
  3 phantoms
  A necrophage (D:9)
  5 centaurs
  A crocodile (D:8)
  A big kobold (D:10)
  Blork the orc (D:6)
  6 bullfrogs
  A water moccasin skeleton (D:9)
  A wyvern skeleton (D:8)
  5 scorpions
  10 killer bees (D:9)
  5 wights
  3 howler monkeys
  2 centaur zombies
  6 crimson imps
  A quasit (D:6)
  2 jellies
  2 orc priests (D:8)
  2 gnoll shamans
  5 hounds
  7 orc wizards
  2 centaur skeletons
  An iguana (D:5)
  8 worker ants
  A hound zombie (D:6)
  3 hound skeletons
  2 worker ant zombies
  3 howler monkey skeletons
  14 gnolls
  16 adders
  2 oozes
  2 adder skeletons
  5 adder zombies
  4 worms
  A dart slug (D:1)
  10 leopard geckos
  41 orcs
  5 giant cockroaches
  4 goblins
  5 hobgoblins
  9 jackals
  7 quokkas
  A ball python (D:1)
  12 bats
  3 frilled lizards
  13 kobolds
  4 quokka skeletons
  7 rats
284 creatures vanquished.

Vanquished Creatures (others)
  13 toadstools (D:2)
13 creatures vanquished.

Grand Total: 297 creatures vanquished

Table legend:
 A = Turns spent in this place as a percentage of turns spent in the entire game.
 B = Non-inter-level travel turns spent in this place as a percentage of non-inter-level travel turns spent in the entire game.
 C = Inter-level travel turns spent in this place as a percentage of turns spent in this place.
 D = Turns resting spent in this place as a percentage of non-inter-level travel turns spent in this place.
 E = Turns spent auto-exploring this place as a percentage of non-inter-level travel turns spent in this place.
 F = Non-inter-level travel turns spent in this place divided by the number of levels of this place that you've seen.
                   A       B       C       D       E      F
               +-------+-------+-------+-------+-------+----------------------
         Total | 100.0 | 100.0 |   4.5 |  34.2 |  49.2 | 1274.0
       Dungeon |  99.9 |  99.9 |   4.5 |  34.2 |  49.2 | 1399.9
  Orcish Mines |   0.1 |   0.1 |   0.0 |   0.0 |   0.0 |  15.0
               +-------+-------+-------+-------+-------+----------------------
